 Dungeon Crawl Stone Soup version 0.21-a0-216-g6d3fd91 (webtiles) character file.

7497 Spazmo the Thaumaturge (level 10, -10/57 HPs)
             Began as a Deep Elf Fire Elementalist on Aug 22, 2017.
             Was an Elder of Vehumet.
             Mangled by Snorg (20 damage)
             ... on level 10 of the Dungeon on Aug 23, 2017.
             The game lasted 00:43:50 (9565 turns).

Spazmo the Thaumaturge (Deep Elf Fire Elementalist) Turns: 9565, Time: 00:43:50

Health: -10/57     AC:  8    Str:  5    XL:     10   Next: 95%
Magic:  14/26      EV: 15    Int: 24    God:    Vehumet [****..]
Gold:   444        SH:  5    Dex: 15    Spells: 13/29 levels left

rFire    . . .     SeeInvis .   v - +5 short sword
rCold    . . .     Gourm    .   j - +0 buckler
rNeg     . . .     Faith    .   a - +1 robe
rPois    .         Spirit   .   d - +0 helmet
rElec    .         Reflect  .   (no cloak)
rCorr    .         Harm     .   k - +1 pair of gloves
MR       ++...                  x - +1 pair of boots
Stlth    +++.......             o - amulet of regeneration
HPRegen  0.59/turn              w - ring of stealth
MPRegen  0.20/turn              y - ring of protection from magic

@: no status effects
A: no striking features
a: Renounce Religion


You were on level 10 of the Dungeon.
You worshipped Vehumet.
Vehumet was greatly pleased with you.
You were not hungry.

You visited 1 branch of the dungeon, and saw 10 of its levels.

You collected 444 gold pieces.

Inventory:

Hand Weapons
 v - a +5 short sword (weapon)
Missiles
 g - 295 stones (quivered)
Armour
 a - a +1 robe (worn)
 d - a +0 helmet (worn)
 j - a +0 buckler (worn)
 k - a +1 pair of gloves (worn)
 x - a +1 pair of boots (worn)
Jewellery
 o - an amulet of regeneration (around neck)
 w - a ring of stealth (left hand)
 y - a ring of protection from magic (right hand)
 M - an uncursed amulet of faith
Wands
 E - a wand of clouds (2/9)
 F - a wand of scattershot (3/9)
 I - a wand of paralysis (2/24)
 J - a wand of random effects (22/48)
Scrolls
 l - 6 scrolls of identify
 s - 7 scrolls of teleportation
 B - 2 scrolls of fear
 D - 2 scrolls of remove curse
 G - 2 scrolls of recharging
 H - 2 scrolls of magic mapping
 K - a scroll of enchant armour
Potions
 e - 3 potions of brilliance
 f - 2 potions of invisibility
 h - 6 potions of curing
 i - a potion of haste
 m - a potion of flight {unknown}
 n - a potion of cancellation
 p - a potion of mutation {unknown}
 r - a potion of heal wounds {unknown}
 u - a potion of magic {unknown}
 A - a potion of berserk rage {unknown}
Books
 b - a book of Flames

   Spells                             Type                      Level
   a - Flame Tongue                   Conjuration/Fire             1
   b - Throw Flame                    Conjuration/Fire             2
   c - Conjure Flame                  Conjuration/Fire             3
   d - Inner Flame                    Hexes/Fire                   3
   e - Sticky Flame                   Conjuration/Fire             4
   f - Fireball                       Conjuration/Fire             5
 C - a book of Misfortune

   Spells                             Type                      Level
   a - Confusing Touch                Hexes                        1
   b - Confuse                        Hexes                        3
   c - Gell's Gravitas                Translocation                3
   d - Petrify                        Transmutation/Earth          4
   e - Metabolic Englaciation         Hexes/Ice                    5
   f - Yara's Violent Unravelling     Hexes/Transmutation          5
Comestibles
 c - 5 bread rations
 q - 3 fruits
 t - 4 royal jellies
 z - 4 meat rations
 L - a chunk of flesh


   Skills:
 + Level 4.2 Fighting
 + Level 5.4 Dodging
 - Level 3.0 Stealth
 - Level 4.2 Shields
 - Level 10.0 Spellcasting
 - Level 10.0 Conjurations
 - Level 10.0 Fire Magic


You had 13 spell levels left.
You knew the following spells:

 Your Spells              Type           Power        Failure   Level  Hunger
a - Flame Tongue          Conj/Fire      #####        1%          1    None
b - Throw Flame           Conj/Fire      ######       1%          2    None
c - Conjure Flame         Conj/Fire      ######..     1%          3    None
d - Sticky Flame          Conj/Fire      ######..     1%          4    #......
e - Magic Dart            Conj           ####         1%          1    None
f - Fireball              Conj/Fire      ######....   1%          5    ####...


Dungeon Overview and Level Annotations

Branches:
Dungeon (10/15)            Temple (0/1) D:6            Lair (0/6) D:10
    Orc (0/2) D:9

Altars:
Hepliaklqana
Kikubaaqudgha
Vehumet
Zin

Shops:
D:5 (   D:7 :   D:8 [[

Annotations:
D:10 Snorg


Message History

Snorg burns!
Snorg goes berserk!
There is an open door here.
Snorg burns!
Snorg burns!
Snorg burns!
Snorg burns!
Snorg stops burning.
Snorg rages.
Snorg bites you! Snorg claws you!
* * * LOW HITPOINT WARNING * * *
Snorg completely misses you.
Casting: Sticky Flame
Confirm with . or Enter, or press ? or * to list all spells.
Aiming: Sticky Flame
Press: ? - help, Shift-Dir - straight line, f/p - Snorg
Aim: Snorg (severely wounded, berserk, fast, unusually strong)
The sticky flame hits Snorg.
Snorg is almost dead.
Snorg is covered in liquid flames!
Snorg burns!
Snorg barely misses you. Snorg claws you!!
You die...

....$...#
#..........
........#
#.####..#..
#(.......####.#
#.##..
#........'..#.#
#.###.
##........##.#.#
#.# ##
....########.#.#
#.# #
...........#.#.#
#.####
...........'.#.#
#.#...
.......@T..###.#
#.#.##
....###'#### #.#
#.#.## . #.# #.#
#.#.# #.#
##+####.#.# #.#
#....##.#.# #.#
#....##.#.# #.#
#....##.#.#
#.#####....##.#.#
#.............#+##


You could see Snorg (berserk).

Vanquished Creatures
  An elephant (D:10)
  Joseph (D:10)
  2 trolls (D:10)
  2 wyverns
  4 yaks
  Eustachio (D:6)
  A hungry ghost (D:10)
  The ghost of myxocpahck the Shooter, an amateur CeAM (D:5)
  2 basilisks (D:10)
  Menkaure (D:4)
  A warg (D:9)
  A water moccasin (D:7)
  3 phantoms
  3 ice beasts
  3 sky beasts
  5 orc warriors
  3 ogres
  4 centaurs
  A big kobold (D:10)
  5 bullfrogs
  A water moccasin skeleton (D:5)
  A wyvern skeleton (D:10)
  5 scorpions
  8 killer bees
  6 wights
  3 howler monkeys
  A crimson imp (D:7)
  2 quasits
  A centaur zombie (D:10)
  3 jellies
  6 hounds
  3 orc wizards
  6 orc priests
  Jessica (D:3)
  4 iguanas
  7 worker ants
  A hound zombie (D:5)
  A hound skeleton (D:4)
  3 worker ant zombies
  8 adders
  5 shadow imps
  2 oozes
  An adder skeleton (D:8)
  2 worms (D:2)
  A dart slug (D:2)
  5 leopard geckos
  19 orcs
  6 giant cockroaches
  6 goblins
  7 hobgoblins
  8 jackals
  5 quokkas
  2 bats (D:2)
  2 frilled lizards
  A jackal skeleton (D:9)
  A jackal zombie (D:3)
  13 kobolds
  5 rats
207 creatures vanquished.

Notes
Turn   | Place    | Note
-------+----------+-------------------------------------------
     0 | D:1      | Spazmo the Deep Elf Fire Elementalist began the quest for the Orb.
     0 | D:1      | Reached XP level 1. HP: 10/10 MP: 6/6
   230 | D:1      | Reached XP level 2. HP: 15/15 MP: 4/8
   234 | D:1      | Learned a level 2 spell: Throw Flame
   875 | D:2      | Reached XP level 3. HP: 19/19 MP: 2/9
   880 | D:2      | Learned a level 3 spell: Conjure Flame
  1356 | D:2      | Reached XP level 4. HP: 13/24 MP: 6/11
  1362 | D:2      | Learned a level 4 spell: Sticky Flame
  1383 | D:2      | Found a faded altar of an unknown god.
  1836 | D:3      | Noticed Jessica
  1846 | D:3      | Killed Jessica
  2532 | D:4      | Reached XP level 5. HP: 28/28 MP: 13/13
  2751 | D:4      | Noticed Menkaure
  2763 | D:4      | Killed Menkaure
  2763 | D:4      | Reached skill level 5 in Spellcasting
  2763 | D:4      | Reached skill level 5 in Fire Magic
  2763 | D:4      | Reached XP level 6. HP: 12/32 MP: 5/15
  2899 | D:4      | Upgraded the game from 0.21-a0-215-g0631661 to 0.21-a0-216-g6d3fd91
  2945 | D:4      | Found a radiant altar of Vehumet.
  2953 | D:4      | Became a worshipper of Vehumet
  3213 | D:5      | Entered Level 5 of the Dungeon
  3412 | D:5      | Reached XP level 7. HP: 36/36 MP: 11/18
  3495 | D:5      | Noticed myxocpahck's ghost (amateur CeAM)
  3507 | D:5      | Found Bueva's Antique Weapon Emporium.
  3525 | D:5      | Killed myxocpahck's ghost
  3620 | D:5      | Reached skill level 5 in Conjurations
  3822 | D:5      | Reached skill level 1 in Fighting
  3822 | D:5      | Reached skill level 1 in Shields
  3968 | D:5      | Reached XP level 8. HP: 36/43 MP: 15/20
  4377 | D:6      | Reached * piety under Vehumet
  4377 | D:6      | Offered knowledge of Magic Dart by Vehumet.
  4382 | D:6      | Learned a level 1 spell: Magic Dart
  4399 | D:6      | Learned a level 5 spell: Fireball
  4430 | D:6      | Noticed Eustachio
  4589 | D:6      | Killed Eustachio
  4724 | D:6      | You fall through a shaft for 3 floors!
  5009 | D:8      | Found an ancient bone altar of Kikubaaqudgha.
  5146 | D:8      | Found Busk's Armour Shoppe.
  5165 | D:8      | Reached XP level 9. HP: 49/49 MP: 18/23
  5168 | D:8      | Found Ugaecodgh's Antique Armour Emporium.
  5222 | D:8      | Offered knowledge of Throw Frost by Vehumet.
  5441 | D:7      | Reached ** piety under Vehumet
  5464 | D:7      | Found Xoryqus's Book Boutique.
  6255 | D:6      | Found a staircase to the Ecumenical Temple.
  6989 | D:7      | Offered knowledge of Ignite Poison by Vehumet.
  7174 | D:8      | Reached skill level 10 in Spellcasting
  7287 | D:8      | Reached XP level 10. HP: 44/56 MP: 12/26
  7537 | D:9      | Reached *** piety under Vehumet
  7653 | D:9      | Found a staircase to the Orcish Mines.
  7966 | D:9      | Found a hazy altar of Hepliaklqana.
  7966 | D:9      | Found a glowing silver altar of Zin.
  8088 | D:9      | Offered knowledge of Throw Icicle by Vehumet.
  8547 | D:10     | Entered Level 10 of the Dungeon
  8610 | D:10     | Noticed Joseph
  8678 | D:10     | Killed Joseph
  8926 | D:10     | Reached skill level 10 in Fire Magic
  8933 | D:10     | Noticed an elephant
  8954 | D:10     | Found a staircase to the Lair.
  8984 | D:10     | Killed an elephant
  8984 | D:10     | Reached skill level 10 in Conjurations
  9286 | D:10     | Reached skill level 5 in Dodging
  9323 | D:10     | Reached **** piety under Vehumet
  9548 | D:10     | Noticed Snorg
  9565 | D:10     | Mangled by Snorg

Vault maps used:
D:1:      lemuel_arrival_broad_hall
D:2:      chequers_ecumenical_altar_simple
D:3:      first_bread, uniq_sigmund, uniq_jessica
D:4:      vehumet_crystals, grunt_ministairs_15, kennysheep_big_empty_room,
          hangedman_minor_gate_pass, uniq_menkaure
D:5:      serial_shops, shop
D:6:      lemuel_temple_firewalk_b, grunt_ministairs_2, uniq_eustachio
D:7:      serial_shops, shop
D:8:      overflow_temple_1_default, serial_shops, kennysheep_mini, shop
D:9:      gammafunk_temple_overflow_elements, david_orc_1_choice,
          serial_co_window_serial, co_window_cross_1, co_window_paths_b,
          co_window_of_opportunity_a, co_window_paths_a, co_window_corner_a,
          co_window_cross_1, co_window_corner_a, co_window_corner_b,
          co_window_broadway_b, co_window_paths_c, glass_columns_a,
          glass_columns_c, glass_columns_b
D:10:     david_lair_generic, uniq_snorg, uniq_joseph

Skill      XL: |  1  2  3  4  5  6  7  8  9 10 |
---------------+-------------------------------+-----
Stealth        | 3 |  3.0
Conjurations   | 2 3 4 5 6 8 10 | 10.0
Fire Magic     | 4 5 6 7 8 10 | 10.0
Dodging        | 3 5 |  5.4
Spellcasting   | 4 5 6 7 8 10 | 10.0
Fighting       | 1 2 3 4 |  4.2
Shields        | 1 2 3 4 |  4.2

Action                   |  1- 3 |  4- 6 |  7- 9 | 10-12 || total
-------------------------+-------+-------+-------+-------++-------
Melee: Dagger            |     6 |    21 |       |       ||    27
       Short sword       |       |    18 |    68 |    15 ||   101
Throw: Stone             |     1 |     2 |       |     2 ||     5
 Cast: Flame Tongue      |    62 |    53 |   143 |   111 ||   369
       Sticky Flame      |       |     5 |    35 |    22 ||    62
       Throw Flame       |       |     1 |    24 |    17 ||    42
       Conjure Flame     |       |       |     2 |     4 ||     6
       Fireball          |       |       |     5 |     6 ||    11
       Magic Dart        |       |       |     9 |       ||     9
Evoke: Wand              |       |       |     2 |       ||     2
  Use: Scroll            |     2 |     5 |     6 |     3 ||    16
       Potion            |     1 |       |     2 |     1 ||     4
 Stab: Sleeping          |     3 |     8 |     1 |       ||    12
  Eat: Chunk             |     1 |     8 |    11 |     7 ||    27
       Fruit             |       |       |     4 |     1 ||     5
Armor: Robe              |     3 |    18 |    30 |     5 ||    56
Dodge: Dodged            |    25 |    22 |    77 |    22 ||   146
Block: Buckler           |       |       |    26 |     6 ||    32

Table legend:
 A = Spawn XP
 B = Non-spawn XP
 C = Spawn XP percentage of total XP
 D = Spawn monster count
 E = Non-spawn monster count
 F = Spawn count percentage of total count
 G = Total turns spent on level
                    A         B        C        D         E        F      G
               +---------+---------+-------+---------+---------+-------+---------
         Total |    1686 |    9025 |  15.7 |      29 |     178 |  14.0 |  9565
               +---------+---------+-------+---------+---------+-------+---------
           D:1 |       2 |      33 |   5.7 |       1 |      15 |   6.2 |   853
           D:2 |      14 |      94 |  13.0 |       7 |      23 |  23.3 |   983
           D:3 |       0 |      52 |   0.0 |       0 |       6 |   0.0 |   536
           D:4 |       0 |     329 |   0.0 |       0 |       9 |   0.0 |   841
           D:5 |     112 |     893 |  11.1 |       1 |      20 |   4.8 |  1138
           D:6 |      40 |     433 |   8.5 |       2 |       9 |  18.2 |   892
           D:7 |     390 |    1329 |  22.7 |       5 |      25 |  16.7 |  1232
           D:8 |     225 |    1816 |  11.0 |       4 |      31 |  11.4 |   886
           D:9 |     752 |     863 |  46.6 |       6 |      15 |  28.6 |  1186
          D:10 |     151 |    3183 |   4.5 |       3 |      25 |  10.7 |  1018
               +---------+---------+-------+---------+---------+-------+---------
